General information
- name: BNet
- type: Ladder team game (AT/RT)
- host: Battle.net
- saver: TALONSAREIMBA
map: GoldRush
- players: 8
- length: 30:46
- speed: Fast
- version: 1.24 W3XP
- replay type: Public
» download(179 KB)
Players
team 1 (loser)

»
BlackBird.23 (
pink | 72 APM | 1417 actions | 19:38)
5 Blademaster
3 Critical Strike
2 Wind Walk
» actions
| Assign group hotkey | 45 | |
| Basic commands | 226 | |
| Build / train | 95 | |
| Enter build submenu | 24 | |
| Enter hero's abilities submenu | 5 | |
| Give item / drop item | 2 | |
| Remove unit from queue | 19 | |
| Right click | 271 | |
| Select / deselect | 203 | |
| Select group hotkey | 451 | |
| Use ability | 76 | |
1417 total
» units
| Peon | 16 | |
| Troll Headhunter/Berserker | 31 | |
| Troll Witch Doctor | 3 | |
50 total
» upgrades
| Ranged Weapons | 3 | |
| Armor | 2 | |
| Spiked Barricades | 1 | |
| Troll Regeneration | 1 | |
| Witch Doctor Training | 2 | |
| Berserker Upgrade | 1 | |
| Shaman Training | 2 | |
12 total
» buildings
| Altar of Storms | 1 | |
| Orc Burrow | 10 | |
| War Mill | 1 | |
| Barracks | 2 | |
| Voodoo Lounge | 1 | |
| Watch Tower | 7 | |
| Great Hall | 2 | |
| Stronghold | 1 | |
| Fortress | 1 | |
| Spirit Lodge | 1 | |
27 total
» build order
00:12 Altar of Storms
00:18 Orc Burrow
00:51 War Mill
01:40 Barracks
01:54 Voodoo Lounge
02:12 Orc Burrow
02:37 Watch Tower
02:51 Watch Tower
04:14 Great Hall
06:28 Watch Tower
07:25 Stronghold
07:28 Barracks
07:34 Orc Burrow
07:36 Orc Burrow
07:42 Watch Tower
07:44 Watch Tower
07:47 Watch Tower
08:56 Orc Burrow
08:59 Watch Tower
10:18 Fortress
10:38 Spirit Lodge
15:49 Orc Burrow
15:50 Orc Burrow
15:50 Orc Burrow
16:49 Orc Burrow
16:53 Orc Burrow
17:16 Great Hall
» items
| Healing Salve | 2 | |
| Scroll of Speed | 2 | |
| Orb of Lightning | 1 | |
5 total
mMLlXX (
purple | 50 APM | 891 actions | 17:42)
6 Blademaster
2 Wind Walk
3 Critical Strike
1 Bladestorm
» actions
| Assign group hotkey | 2 | |
| Basic commands | 215 | |
| Build / train | 59 | |
| ESC pressed | 1 | |
| Enter build submenu | 28 | |
| Enter hero's abilities submenu | 6 | |
| Give item / drop item | 2 | |
| Right click | 185 | |
| Select / deselect | 288 | |
| Select group hotkey | 16 | |
| Use ability | 89 | |
891 total
» units
» upgrades
| Spiked Barricades | 1 | |
| Ranged Weapons | 3 | |
| Armor | 2 | |
| Envenomed Spears | 1 | |
| Reinforced Defenses | 1 | |
8 total
» buildings
| War Mill | 1 | |
| Altar of Storms | 2 | |
| Orc Burrow | 10 | |
| Voodoo Lounge | 1 | |
| Watch Tower | 4 | |
| Great Hall | 2 | |
| Stronghold | 1 | |
| Beastiary | 4 | |
| Fortress | 1 | |
26 total
» build order
00:11 War Mill
00:37 Altar of Storms
00:45 Orc Burrow
01:09 Voodoo Lounge
01:45 Orc Burrow
02:11 Watch Tower
02:39 Watch Tower
03:46 Great Hall
04:11 Watch Tower
04:15 Watch Tower
04:49 Stronghold
05:30 Great Hall
07:26 Beastiary
07:30 Beastiary
07:34 Beastiary
07:39 Orc Burrow
07:49 Beastiary
08:03 Orc Burrow
08:27 Orc Burrow
10:15 Fortress
11:57 Orc Burrow
12:56 Orc Burrow
16:09 Orc Burrow
16:15 Orc Burrow
16:17 Orc Burrow
16:21 Altar of Storms
» items
| Healing Salve | 1 | |
| Lesser Clarity Potion | 2 | |
| Staff of Teleportation | 1 | |
| Boots of Speed | 1 | |
| Scroll of Town Portal | 2 | |
| Orb of Lightning | 1 | |
8 total
fjwifniwbgfview (
blue | 15 APM | 466 actions | 30:45)
2 Dark Ranger
1 Black Arrow
1 Life Drain
1 Priestess of the Moon
1 Trueshot Aura
» actions
| Assign group hotkey | 1 | |
| Build / train | 17 | |
| Enter build submenu | 6 | |
| Enter hero's abilities submenu | 3 | |
| Right click | 289 | |
| Select / deselect | 110 | |
| Select group hotkey | 22 | |
| Use ability | 18 | |
466 total
» units
| Peasant | 1 | |
| Troll Headhunter/Berserker | 7 | |
| Peon | 5 | |
13 total
» buildings
| Stronghold | 1 | |
| Tree of Life | 4 | |
| Altar of Storms | 1 | |
6 total
» build order
21:09 Stronghold
21:28 Tree of Life
21:32 Tree of Life
23:15 Tree of Life
23:54 Altar of Storms
25:01 Tree of Life
Bones88 (
yellow | 55 APM | 1001 actions | 18:21)
4 Priestess of the Moon
2 Searing Arrows
2 Trueshot Aura
2 Dark Ranger
1 Black Arrow
1 Life Drain
» actions
| Build / train | 79 | |
| Enter build submenu | 14 | |
| Enter hero's abilities submenu | 6 | |
| Remove unit from queue | 1 | |
| Right click | 619 | |
| Select / deselect | 262 | |
| Use ability | 20 | |
1001 total
» units
| Wisp | 16 | |
| Archer | 25 | |
| Hippogryph | 17 | |
58 total
» upgrades
| Strength of the Moon | 3 | |
| Moon Armor | 3 | |
| Improved Bows | 1 | |
| Hippogryph Taming | 1 | |
| Marksmanship | 1 | |
9 total
» buildings
| Altar of Elders | 1 | |
| Moon Well | 7 | |
| Ancient of War | 1 | |
| Hunter's Hall | 1 | |
| Tree of Ages | 1 | |
| Tree of Life | 1 | |
| Ancient of Wind | 2 | |
| Tree of Eternity | 1 | |
15 total
» build order
00:08 Altar of Elders
00:11 Moon Well
00:46 Ancient of War
01:47 Moon Well
03:24 Hunter's Hall
03:47 Tree of Ages
04:43 Tree of Life
05:15 Moon Well
06:13 Moon Well
07:18 Moon Well
07:41 Ancient of Wind
12:32 Tree of Eternity
13:17 Moon Well
13:37 Moon Well
16:41 Ancient of Wind
team 2 (winner)
AliceNChaynz (
teal | 28 APM | 864 actions | 30:45)
5 Mountain King
3 Storm Bolt
2 Bash
» actions
| Basic commands | 80 | |
| Build / train | 75 | |
| Enter build submenu | 29 | |
| Enter hero's abilities submenu | 5 | |
| Remove unit from queue | 1 | |
| Right click | 221 | |
| Select / deselect | 407 | |
| Use ability | 46 | |
864 total
» units
| Peasant | 12 | |
| Footman | 4 | |
| Siege Engine | 9 | |
| Flying Machine | 13 | |
| Mortar Team | 4 | |
42 total
» upgrades
| Lumber Harvesting | 2 | |
| Gunpowder | 3 | |
| Barrage | 1 | |
| Plating | 3 | |
| Masonry | 2 | |
| Flak Cannons | 1 | |
| Flying Machine Bombs | 1 | |
| Swords | 1 | |
| Armor | 1 | |
| Long Rifles | 1 | |
| Defend | 1 | |
| Fragmentation Shards | 1 | |
| Flare | 1 | |
19 total
» buildings
| Scout Tower | 8 | |
| Altar of Kings | 1 | |
| Barracks | 1 | |
| Farm | 10 | |
| Arcane Tower | 1 | |
| Keep | 1 | |
| Lumber Mill | 1 | |
| Blacksmith | 1 | |
| Guard Tower | 5 | |
| Town Hall | 4 | |
| Workshop | 2 | |
| Castle | 1 | |
36 total
» build order
00:08 Scout Tower
00:13 Altar of Kings
00:19 Barracks
00:27 Farm
01:44 Farm
01:47 Arcane Tower
02:13 Farm
02:26 Farm
02:45 Scout Tower
03:03 Farm
03:18 Scout Tower
03:40 Keep
04:37 Lumber Mill
04:41 Blacksmith
05:11 Guard Tower
05:18 Scout Tower
05:37 Town Hall
05:55 Guard Tower
06:36 Workshop
06:48 Scout Tower
07:09 Castle
07:24 Guard Tower
08:11 Workshop
09:23 Scout Tower
09:36 Town Hall
09:57 Farm
10:00 Farm
10:05 Guard Tower
10:08 Farm
10:51 Farm
10:53 Farm
16:31 Scout Tower
16:34 Scout Tower
17:07 Guard Tower
18:36 Town Hall
26:18 Town Hall

»
TALONSAREIMBA (
orange | 114 APM | 3508 actions | 30:46)
8 Far Seer
3 Feral Spirit
3 Chain Lighting
1 Earth Quake
1 Far Sight
7 Shadow Hunter
3 Hex
3 Healing Wave
1 Big Bad Voodoo
6 Naga Sea Witch
3 Frost Arrows
2 Forked Lightning
1 Tornado
» actions
| Assign group hotkey | 34 | |
| Basic commands | 163 | |
| Build / train | 88 | |
| Enter build submenu | 16 | |
| Enter hero's abilities submenu | 21 | |
| Give item / drop item | 3 | |
| Remove unit from queue | 1 | |
| Right click | 1609 | |
| Select / deselect | 855 | |
| Select group hotkey | 594 | |
| Use ability | 121 | |
3508 total
» units
» upgrades
| Ranged Weapons | 3 | |
| Envenomed Spears | 1 | |
| Armor | 3 | |
| Reinforced Defenses | 1 | |
| Spiked Barricades | 2 | |
10 total
» buildings
| Altar of Storms | 1 | |
| Orc Burrow | 4 | |
| Barracks | 1 | |
| Voodoo Lounge | 1 | |
| Great Hall | 4 | |
| War Mill | 1 | |
| Stronghold | 1 | |
| Beastiary | 2 | |
| Fortress | 1 | |
16 total
» build order
00:04 Altar of Storms
00:15 Orc Burrow
00:24 Barracks
01:43 Orc Burrow
01:55 Voodoo Lounge
03:17 Great Hall
03:40 War Mill
04:05 Stronghold
05:07 Orc Burrow
06:38 Beastiary
06:40 Beastiary
07:21 Great Hall
08:12 Fortress
10:39 Orc Burrow
18:41 Great Hall
26:53 Great Hall
» items
| Healing Salve | 3 | |
| Dust of Appearance | 2 | |
| Potion of Lesser Invulnerability | 1 | |
| Scroll of Town Portal | 2 | |
| Boots of Speed | 1 | |
| Lesser Clarity Potion | 4 | |
| Potion of Mana | 4 | |
17 total
SeaPig (
red | 23 APM | 697 actions | 30:45)
4 Pit Lord
2 Rain of Fire
2 Cleaving Attack
» actions
| Basic commands | 33 | |
| Build / train | 85 | |
| Enter build submenu | 23 | |
| Enter hero's abilities submenu | 4 | |
| Give item / drop item | 2 | |
| Right click | 224 | |
| Select / deselect | 287 | |
| Use ability | 39 | |
697 total
» units
| Peon | 21 | |
| Grunt | 16 | |
| Tauren | 4 | |
| Troll Batrider | 8 | |
| Demolisher | 2 | |
| Troll Headhunter/Berserker | 2 | |
53 total
» upgrades
| Pillage | 1 | |
| Melee Weapons | 3 | |
| Armor | 3 | |
| Berserker Strength | 1 | |
| Burning Oil | 1 | |
| Ranged Weapons | 2 | |
| Liquid Fire | 1 | |
| Berserker Upgrade | 1 | |
| Troll Regeneration | 1 | |
| Reinforced Defenses | 1 | |
| Spiked Barricades | 1 | |
16 total
» buildings
| Barracks | 2 | |
| Altar of Storms | 1 | |
| Orc Burrow | 8 | |
| Voodoo Lounge | 1 | |
| Great Hall | 3 | |
| War Mill | 1 | |
| Stronghold | 2 | |
| Fortress | 1 | |
| Tauren Totem | 2 | |
| Beastiary | 3 | |
24 total
» build order
00:19 Barracks
00:21 Altar of Storms
00:42 Orc Burrow
01:41 Orc Burrow
02:39 Voodoo Lounge
03:50 Great Hall
04:35 Orc Burrow
04:42 War Mill
06:09 Stronghold
06:09 Stronghold
08:28 Barracks
09:33 Fortress
10:31 Orc Burrow
11:00 Orc Burrow
12:11 Tauren Totem
12:13 Tauren Totem
12:56 Beastiary
13:09 Beastiary
13:14 Beastiary
15:38 Orc Burrow
15:41 Orc Burrow
15:43 Orc Burrow
28:47 Great Hall
30:33 Great Hall
» items
| Healing Salve | 1 | |
| Lesser Clarity Potion | 1 | |
| Scroll of Town Portal | 2 | |
| Orb of Lightning | 3 | |
| Potion of Healing | 1 | |
8 total
jacobqwert (
green | 31 APM | 959 actions | 30:45)
1 Blood Mage
1 Flame Strike
» actions
| Assign group hotkey | 4 | |
| Basic commands | 1 | |
| Build / train | 60 | |
| Enter build submenu | 34 | |
| Enter hero's abilities submenu | 1 | |
| Remove unit from queue | 1 | |
| Right click | 483 | |
| Select / deselect | 299 | |
| Select group hotkey | 44 | |
| Use ability | 32 | |
959 total
» units
| Peasant | 26 | |
| Footman | 10 | |
| Rifleman | 6 | |
| Mortar Team | 7 | |
| Gryphon Rider | 4 | |
| Knight | 2 | |
55 total
» buildings
| Altar of Kings | 1 | |
| Barracks | 1 | |
| Scout Tower | 3 | |
| Farm | 8 | |
| Lumber Mill | 1 | |
| Blacksmith | 1 | |
| Keep | 1 | |
| Workshop | 2 | |
| Castle | 1 | |
| Gryphon Aviary | 3 | |
| Town Hall | 2 | |
24 total
» build order
00:22 Altar of Kings
00:47 Barracks
00:51 Scout Tower
00:54 Scout Tower
02:01 Farm
02:32 Lumber Mill
03:01 Farm
03:20 Farm
03:51 Blacksmith
04:26 Keep
04:32 Scout Tower
07:01 Workshop
07:04 Workshop
08:02 Farm
08:19 Farm
09:30 Farm
09:52 Farm
12:33 Castle
12:49 Farm
13:09 Gryphon Aviary
13:12 Gryphon Aviary
13:56 Gryphon Aviary
17:09 Town Hall
19:54 Town Hall
Chat log
(00:18 / Allies) SeaPig: hey all
(00:21 / Allies) AliceNChaynz: yo
(00:30 / Allies) AliceNChaynz: split rush?
(00:35 / Allies) SeaPig: quick expo/rush
(04:10 / Allies) TALONSAREIMBA: purp wyv tech
(04:12 / Allies) TALONSAREIMBA: bm
(04:31 / Allies) SeaPig: ready to go soon green?
(05:41 / Allies) SeaPig: otw green
(05:48 / Allies) SeaPig: hero b
(05:49 / Allies) SeaPig: creap
(06:07 / 6) fjwifniwbgfview: blues afk
(06:08 / Allies) AliceNChaynz: wood plz
(08:43 / Allies) SeaPig: cancel
(08:44 / Allies) SeaPig: and guys
(08:46 / Allies) SeaPig: blue isn't playing
(09:59 / Allies) SeaPig: ready to hit pink again green?
(10:08 / Allies) SeaPig: nice oj
(10:10 / Allies) jacobqwert: no
(11:31 / Allies) SeaPig: bm
(12:42 / Allies) SeaPig: anybody have spare wood?
(12:59 / Allies) SeaPig: thx
(13:45 / Allies) AliceNChaynz: oj
(13:51 / Allies) TALONSAREIMBA: buying tp
(14:17 / Allies) jacobqwert: help
(14:45 / Allies) jacobqwert: Tolf
(15:43 / Allies) jacobqwert: red
(15:51 / Allies) jacobqwert: kill creep plz
(16:25 / Allies) SeaPig: no creeps
(16:25 / Allies) jacobqwert: 100 bois plz
(16:37 / Allies) jacobqwert: 100 luber plz
(17:40 / All) fjwifniwbgfview: tanks lol
(17:41 / All) mMLlXX: gg
(18:07 / All) AliceNChaynz: its hte logical choice when he masses wyvs
(18:40 / All) BlackBird.23: blue afk
(21:48 / All) fjwifniwbgfview: blues afk
(21:53 / All) AliceNChaynz: leave
(21:56 / All) fjwifniwbgfview: no
(22:00 / All) fjwifniwbgfview: im afk
(25:52 / All) fjwifniwbgfview: lol,
(25:55 / All) fjwifniwbgfview: u suck dick teal
(26:02 / Allies) AliceNChaynz: im fuckin around
(27:03 / All) fjwifniwbgfview: niggaz iz faggotz
(28:02 / All) fjwifniwbgfview: nooooo